 Dungeon Crawl Stone Soup version 0.26-a0-70-g31f1466007 (webtiles) character file.

Game seed: 258351286870730541

24769 P0NYSLAYSTATION the Blocker (level 12, -7/110 HPs)
             Began as a Minotaur Monk on June 10, 2020.
             Was an Elder of Yredelemnul.
             Killed from afar by an ice dragon (54 damage)
             ... with a blast of cold
             ... on level 4 of the Lair of Beasts on June 13, 2020.
             The game lasted 01:30:50 (13879 turns).

P0NYSLAYSTATION the Blocker (Minotaur Monk)        Turns: 13879, Time: 01:30:50

Health: -7/110     AC: 16    Str: 20    XL:     12   Next: 83%
Magic:  12/12      EV: 17    Int:  7    God:    Yredelemnul [****..]
Gold:   766        SH: 24    Dex: 20    Spells: 11/11 levels left

rFire    . . .     SeeInvis .   B - +3 mace (venom)
rCold    . . .     Gourm    .   E - +5 kite shield {AC+3}
rNeg     . . .     Faith    .   j - +1 scale mail of Contentment {Regen+}
rPois    .         Spirit   .   O - +0 hat
rElec    .         Reflect  +   (no cloak)
rCorr    .         Harm     .   V - +0 pair of gloves
MR       +....                  I - +0 pair of boots
Stlth    ++........             W - amulet of reflection
HPRegen  0.68/turn              t - +6 ring of dexterity
MPRegen  0.13/turn              G - ring of protection from magic

@: no status effects
A: retaliatory headbutt, horns 2
a: Recall Undead Slaves, Injury Mirror, Animate Dead, Drain Life, Renounce
Religion


You were on level 4 of the Lair of Beasts.
You worshipped Yredelemnul.
Yredelemnul was greatly pleased with you.
You were hungry.

You visited 4 branches of the dungeon, and saw 18 of its levels.

You collected 926 gold pieces.
You spent 160 gold pieces at shops.

Inventory:

Hand Weapons
 B - a +3 mace of venom (weapon)
 X - a +5 vorpal glaive
Missiles
 p - 5 silver boomerangs (quivered)
 z - 12 boomerangs
 C - 14 javelins
 N - 3 boomerangs of dispersal
 S - 2 throwing nets
 T - 4 silver javelins
Armour
 j - the +1 scale mail of Contentment (worn) {Regen+}
   (You found it on level 10 of the Dungeon)

   It increases your rate of regeneration.
 E - a +5 kite shield of protection (worn)
 I - a +0 pair of boots (worn)
 O - a +0 hat (worn)
 V - a +0 pair of gloves (worn)
Jewellery
 t - a +6 ring of dexterity (left hand)
 v - an uncursed amulet of regeneration
 G - a ring of protection from magic (right hand)
 W - an amulet of reflection (around neck)
 Y - an uncursed ring of see invisible
Wands
 n - a wand of polymorph (10)
 w - a wand of clouds (3)
 y - a wand of paralysis (5)
 K - a wand of iceblast (20)
 Q - a wand of flame (49)
 U - a wand of digging (5)
Scrolls
 f - 8 scrolls of teleportation
 g - 3 scrolls of magic mapping
 k - 5 scrolls of blinking
 r - 2 scrolls of amnesia
 u - a scroll of silence {unknown}
 x - 4 scrolls of fog
 A - 5 scrolls of remove curse
 H - 4 scrolls of brand weapon
 Z - 3 scrolls of fear
Potions
 a - a potion of invisibility {unknown}
 b - 2 potions of degeneration {unknown}
 d - 2 potions of stabbing
 e - 3 potions of haste
 h - 2 potions of flight
 i - a potion of ambrosia {unknown}
 l - a potion of mutation {unknown}
 m - 4 potions of curing
 o - a potion of lignification {unknown}
 D - a potion of heal wounds
 F - a potion of magic {unknown}
 J - 2 potions of brilliance
 M - a potion of resistance {unknown}
 P - a potion of cancellation {unknown}
Miscellaneous
 s - a tin of tremorstones (3/3)
 R - a phial of floods
Comestibles
 c - 24 rations
 q - a chunk of flesh


   Skills:
 + Level 11.2 Fighting
   Level 1.5(5.5) Axes
 - Level 6.8(7.0) Maces & Flails
 * Level 4.7(4.9) Polearms
 + Level 11.1 Armour
 + Level 9.9 Dodging
 + Level 6.8 Stealth
 + Level 13.5 Shields
 + Level 1.6 Invocations
 + Level 1.6 Evocations


You had 11 spell levels left.
You didn't know any spells.
Your spell library contained the following spells:

 Spells                   Type           Power        Failure   Level  Hunger
 Animate Skeleton         Necr           N/A          78%         1    ##.....
 Apportation              Tloc           #.....       78%         1    ##.....
 Beastly Appendage        Tmut           #.....       78%         1    ##.....
 Corona                   Hex            #......      78%         1    ##.....
 Foxfire                  Conj/Fire      #...         78%         1    ##.....
 Summon Small Mammal      Summ           #...         78%         1    ##.....
 Call Imp                 Summ           #.......     89%         2    ###....
 Sticks to Snakes         Tmut           #.......     89%         2    ###....
 Call Canine Familiar     Summ           #.......     98%         3    ####...
 Conjure Flame            Conj/Fire      #.......     98%         3    ####...
 Inner Flame              Hex/Fire       #.......     98%         3    ####...
 Spider Form              Tmut/Pois      #.........   98%         3    ####...
 Summon Guardian Golem    Hex/Summ       #.......     98%         3    ####...
 Ice Form                 Ice/Tmut       #.......     100%        4    #####..
 Sticky Flame             Conj/Fire      #.......     100%        4    #####..
 Summon Ice Beast         Ice/Summ       #.......     100%        4    #####..
 Summon Lightning Spire   Summ/Air       #.......     100%        4    #####..
 Blade Hands              Tmut           #.........   100%        5    ######.
 Fireball                 Conj/Fire      #.........   100%        5    ######.


Dungeon Overview and Level Annotations

Branches:
Dungeon (12/15)            Temple (1/1) D:5            Lair (4/6) D:8
  Swamp (0/4) Lair:2        Snake (0/4) Lair:3          Orc (1/2) D:10

Altars:
Ashenzari
Cheibriados
Dithmenos
Elyvilon
Fedhas
Gozag
Hepliaklqana
Kikubaaqudgha
Makhleb
Nemelex Xobeh
Okawaru
Qazlal
Ru
Sif Muna
Trog
Uskayaw
Vehumet
Wu Jian
Xom
Yredelemnul
Zin
The Shining One

Shops:
D:8 ?

Annotations:
Lair:3 exclusion: 4 oklob plants


Innate Abilities, Weirdness & Mutations

You reflexively headbutt those who attack you in melee.
You have a pair of horns on your head.


Message History

The ice dragon barely misses you.
You hit the ice dragon but do no damage.
The ice dragon looks as sick as possible!
You headbutt the ice dragon!
The ice dragon is lightly wounded.
You block the ice dragon's attack. x2
The ice dragon tramples you but does no damage.
The ice dragon closely misses you. You furiously retaliate!
You headbutt the ice dragon. The ice dragon barely misses you.
The ice dragon completely misses you.
You hit the ice dragon. Your headbutt misses the ice dragon.
The ice dragon is moderately wounded.
You block the ice dragon's attack. x2
The ice dragon tramples you but does no damage.
You hit the ice dragon but do no damage.
The ice dragon is moderately wounded.
The ice dragon breathes frost at you. The blast of cold hits you!!!
You die...
Your body rises from the dead as a mindless zombie.

##..♣♣♣..####
#.......####.
#.......#
.....######.###
#. #.##P...##
.... ### #.
#..### .... #.
....# ... ##.
....#.# ##..
#.. ....### ..#
##. ...# #D#
##. ... #@##
#.. ... ##W#
#.. ##.## #..
#.##### #..
##.....## ##.
#P/.....# #P.
##.....## ##.
#.......# #..
#.......# #.(


You could see an ice dragon (extremely poisoned, catching breath) and a friendly
wraith.

Vanquished Creatures
  Erolcha (D:10)
  2 two-headed ogres
  Urug (Lair:1)
  2 skeletal warriors (D:11)
  A deep troll (D:11)
  4 spiny frogs
  A black mamba (Lair:3)
  A rime drake (Lair:4)
  A komodo dragon (Lair:2)
  3 trolls
  Grinder (D:6)
  5 blink frogs
  4 hippogriffs
  4 flying skulls (Lair:1)
  A spriggan (D:10)
  A shadow (D:11)
  A wyvern (Lair:3)
  15 yaks
  A vampire mosquito (D:10)
  A swamp worm (Lair:2)
  8 water moccasins
  5 porcupines
  2 ice beasts
  A sky beast (D:11)
  Purgy (D:4)
  A wolf (Lair:4)
  A necrophage (D:5)
  4 ogres
  3 crocodiles
  A big kobold (D:7)
  9 bullfrogs
  4 scorpions
  A water moccasin skeleton (D:6)
  4 killer bees (D:9)
  2 wights
  An electric eel (Lair:4)
  2 howler monkeys (D:4)
  A crimson imp (D:7)
  2 jellies
  A bullfrog skeleton (D:5)
  4 orc priests
  3 hounds
  3 orc wizards
  3 centaur skeletons
  Jessica (D:3)
  8 worker ants
  2 iguanas
  A hound skeleton (D:5)
  A howler monkey zombie (D:6)
  2 gnolls (D:4)
  A howler monkey skeleton (D:4)
  11 adders
  2 shadow imps
  3 worms
  5 dart slugs
  3 leopard geckos
  22 orcs
  6 ball pythons
  10 giant cockroaches
  8 goblins
  3 hobgoblins (D:3)
  12 jackals
  8 kobolds
  3 quokkas
  A ball python zombie (D:3)
  12 bats
  6 frilled lizards
  2 jackal skeletons
  9 rats
  A fungus (Lair:2)
  A plant (D:4)
262 creatures vanquished.

Vanquished Creatures (collateral kills)
  Gastronok (D:8)
  Snorg (D:10)
  A hydra (Lair:1)
  2 two-headed ogres
  2 deep trolls (D:11)
  An ugly thing (D:11)
  3 spiny frogs
  A rime drake (Lair:1)
  2 komodo dragons (Lair:1)
  7 trolls
  5 blink frogs
  2 hippogriffs
  9 yaks
  A wraith (D:10)
  A vampire mosquito (D:10)
  2 water moccasins (Lair:3)
  2 sky beasts
  A phantom (D:6)
  2 ogres
  5 centaurs
  A crocodile (D:11)
  A killer bee (D:9)
  2 scorpions
  2 wights (D:11)
  3 electric eels
  An orc priest (D:11)
  A hound (D:8)
  3 orc wizards
  An iguana (D:11)
  2 worker ants
  A hound skeleton (D:8)
  2 adders
  A leopard gecko (D:10)
  7 orcs
  A kobold (D:7)
  A bush (Lair:1)
  A fungus (Lair:1)
  A plant (Lair:1)
83 creatures vanquished.

Vanquished Creatures (others)
  A polar bear (Lair:4)
  4 flying skulls
  A wight (D:8)
  3 fungi (Lair:3)
  3 plants
12 creatures vanquished.

Grand Total: 357 creatures vanquished

Notes
Turn   | Place    | Note
-------+----------+-------------------------------------------
     0 | D:1      | P0NYSLAYSTATION the Minotaur Monk began the quest for the
                  | Orb.
     0 | D:1      | Reached XP level 1. HP: 19/19 MP: 0/0
   164 | D:2      | Found a faded altar of an unknown god.
   275 | D:4      | Noticed an orc wizard
   276 | D:4      | Noticed a gnoll shaman
   278 | D:4      | Noticed an ogre
   294 | D:3      | Reached XP level 2. HP: 26/27 MP: 1/1
   312 | D:3      | Reached XP level 3. HP: 28/33 MP: 2/2
   683 | D:3      | Noticed Jessica
   846 | D:4      | Reached XP level 4. HP: 40/41 MP: 3/3
   852 | D:4      | Found a hazy altar of Hepliaklqana.
   852 | D:4      | Noticed Purgy
   868 | D:4      | Killed Purgy
   868 | D:4      | Reached XP level 5. HP: 27/47 MP: 4/4
  1015 | D:5      | Entered Level 5 of the Dungeon
  1043 | D:5      | Noticed a necrophage
  1050 | D:5      | Killed a necrophage
  1050 | D:5      | Reached skill level 5 in Maces & Flails
  1050 | D:5      | Reached skill level 1 in Armour
  1050 | D:5      | Reached skill level 1 in Shields
  1052 | D:5      | Found a staircase to the Ecumenical Temple.
  1066 | D:5      | Reached XP level 6. HP: 52/55 MP: 5/5
  1078 | Temple   | Entered the Ecumenical Temple
  1377 | Temple   | Became a worshipper of Yredelemnul the Dark
  1377 | Temple   | Reached * piety under Yredelemnul
  1377 | Temple   | Reached ** piety under Yredelemnul
  1967 | D:2      | Reached skill level 5 in Dodging
  1995 | D:2      | Found a blossoming altar of Fedhas.
  2809 | D:3      | Reached skill level 5 in Fighting
  2839 | D:3      | Reached *** piety under Yredelemnul
  2895 | D:3      | Killed Jessica
  3166 | D:4      | Reached skill level 2 in Shields
  3602 | D:4      | Found an iron altar of Okawaru.
  3615 | D:4      | Reached XP level 7. HP: 55/61 MP: 6/6
  3788 | D:4      | Found a white marble altar of Elyvilon.
  3788 | D:4      | Found a shimmering altar of Xom.
  3789 | D:4      | Found a blossoming altar of Fedhas.
  3850 | D:4      | Reached skill level 1 in Axes
  4264 | D:5      | Reached skill level 3 in Shields
  4406 | D:5      | Found a glowing golden altar of the Shining One.
  4710 | D:6      | Reached skill level 5 in Armour
  4710 | D:6      | Reached XP level 8. HP: 37/70 MP: 7/7
  5009 | D:6      | Received a gift from Yredelemnul (a wight)
  5119 | D:6      | Found the +3 giant club "Skullcrusher" {speed, Str+7}
  5287 | D:6      | Reached **** piety under Yredelemnul
  5287 | D:6      | Reached skill level 4 in Shields
  5331 | D:6      | Noticed Grinder
  5340 | D:6      | Killed Grinder
  5526 | D:6      | Received a gift from Yredelemnul (a wight)
  5624 | D:6      | Upgraded the game from 0.26-a0-64-g059e62fbdb to
                  | 0.26-a0-70-g31f1466007
  5850 | D:7      | Reached XP level 9. HP: 79/79 MP: 8/8
  5882 | D:7      | Found a glowing silver altar of Zin.
  5885 | D:7      | Found a snail-covered altar of Cheibriados.
  5888 | D:7      | Found a burning altar of Makhleb.
  5997 | D:7      | Reached skill level 5 in Shields
  6039 | D:7      | Found an ornate altar of the Wu Jian Council.
  6245 | D:7      | Found a sparkling altar of Nemelex Xobeh.
  6454 | D:8      | Noticed Gastronok
  6467 | D:8      | Killed Gastronok
  6467 | D:8      | Reached skill level 6 in Shields
  6707 | D:8      | Found a staircase to the Lair.
  6719 | D:8      | Found Wushrink's Magic Scroll Emporium.
  6758 | D:8      | You fall into a shaft and drop 3 floors!
  6784 | D:11     | Found a gate leading to a gauntlet.
  6790 | D:10     | Entered Level 10 of the Dungeon
  6790 | D:10     | Noticed a troll
  7009 | D:8      | Noticed a two-headed ogre
  7017 | D:8      | Killed a two-headed ogre
  7017 | D:8      | Reached XP level 10. HP: 86/90 MP: 9/9
  7118 | D:8      | Noticed a two-headed ogre
  7125 | D:8      | Killed a two-headed ogre
  7125 | D:8      | Reached skill level 5 in Stealth
  7125 | D:8      | Reached skill level 7 in Shields
  7275 | D:8      | Bought a scroll of identify for 32 gold pieces
  7275 | D:8      | Bought 2 scrolls of identify for 64 gold pieces
  7275 | D:8      | Bought a scroll of identify for 32 gold pieces
  7275 | D:8      | Bought a scroll of identify for 32 gold pieces
  7311 | D:9      | Noticed a +0 dagger
  7311 | D:9      | Noticed a +0 dagger
  7313 | D:9      | Found a hide-covered altar of Uskayaw.
  7382 | D:9      | Found a shadowy altar of Dithmenos.
  7989 | D:10     | Noticed Erolcha
  8001 | D:10     | Killed Erolcha
  8001 | D:10     | Reached skill level 8 in Shields
  8045 | D:10     | Received a gift from Yredelemnul (3 flying skulls)
  8068 | D:10     | Noticed Snorg
  8075 | D:10     | Killed Snorg
  8075 | D:10     | Reached skill level 9 in Shields
  8245 | D:10     | Found a snail-covered altar of Cheibriados.
  8267 | D:10     | Found a staircase to the Orcish Mines.
  8333 | D:10     | Got a polished scale mail
  8344 | D:10     | Identified the +1 scale mail of Contentment {Regen+} (You
                  | found it on level 10 of the Dungeon)
  8430 | D:10     | Noticed a two-headed ogre
  8434 | D:10     | Killed a two-headed ogre
  8434 | D:10     | Reached XP level 11. HP: 99/99 MP: 10/10
  8718 | Lair:1   | Entered Level 1 of the Lair of Beasts
  8917 | Lair:1   | Noticed Urug
  8917 | Lair:1   | Noticed a seven-headed hydra
  9134 | D:11     | Noticed a two-headed ogre
  9142 | D:11     | Killed a two-headed ogre
  9664 | D:11     | Reached skill level 10 in Armour
  9699 | D:11     | Reached skill level 10 in Fighting
  9722 | D:11     | Noticed a white ugly thing
  9730 | D:11     | Noticed a deep troll
  9732 | D:11     | Reached skill level 10 in Shields
  9736 | D:11     | Killed a white ugly thing
  9746 | D:11     | Killed a deep troll
  9753 | D:11     | Noticed a deep troll
  9755 | D:11     | Noticed a deep troll
  9759 | D:11     | Received a gift from Yredelemnul (5 flying skulls)
  9761 | D:11     | Killed a deep troll
  9764 | D:11     | Killed a deep troll
 10194 | D:11     | Reached skill level 1 in Evocations
 10215 | D:11     | Got a brightly glowing graven amulet
 10217 | D:11     | Identified the amulet "Sighibih" {Faith rElec Str+2 Slay-6}
                  | (You found it on level 11 of the Dungeon)
 10630 | Lair:1   | Reached skill level 11 in Shields
 10630 | Lair:1   | Reached skill level 1 in Invocations
 10769 | Lair:1   | Killed a seven-headed hydra
 10959 | Lair:1   | Killed Urug
 10959 | Lair:1   | Reached XP level 12. HP: 39/108 MP: 12/12
 11452 | Lair:2   | Reached skill level 12 in Shields
 11630 | Lair:2   | Reached skill level 1 in Polearms
 11733 | Lair:2   | Found a staircase to the Swamp.
 12435 | Orc:1    | Entered Level 1 of the Orcish Mines
 12435 | Orc:1    | Noticed an ogre mage
 12435 | Orc:1    | Noticed a two-headed ogre
 12435 | Orc:1    | Noticed a two-headed ogre
 12439 | Orc:1    | Noticed a two-headed ogre
 12439 | Orc:1    | Noticed a two-headed ogre
 12441 | Orc:1    | Noticed a stone giant
 12870 | Lair:3   | Reached skill level 13 in Shields
 13183 | Lair:3   | Found a staircase to the Snake Pit.
 13213 | Lair:3   | Received a gift from Yredelemnul (a wraith)
 13843 | Lair:4   | Noticed an ice dragon
 13879 | Lair:4   | Killed from afar by an ice dragon

Illustrated notes

Levels and vault maps discovered:
D:1:      minmay_arrival_cross, layout_rooms, chequers_serial_rivers_marsh,
          minivault_14, minmay_misc_feat_rows, minmay_shallow_snake_nest
D:2:      layout_loops_ring, chequers_ecumenical_altar_simple_redux,
          fedhas_altar_fruit_tree
D:3:      layout_basic, chequers_serial_rivers_small_3, minmay_misc_feat_cross,
          minmay_close_crescents, uniq_jessica
D:4:      layout_rooms, nicolae_overflow_crystal_walls, kennysheep_little_box,
          gammafunk_temple_overflow_claw, first_ration, serial_bayou_pond_c,
          uniq_purgy
D:5:      layout_loops_ring, minmay_temple_entry_glass, basic_altar
D:6:      layout_basic, uniq_grinder
D:7:      layout_basic, kennysheep_mini_moat, nemelex_altar_shiori,
          grunt_temple_overflow_diamond, minmay_unpleasant_kobolds
D:8:      layout_basic, lair_entry_dummy, serial_shops,
          nicolae_shop_statue_plus, uniq_gastronok
D:9:      layout_basic, grunt_dithmenos_smoke_and_mirrors,
          dancing_weapons_uskayaw
D:10:     layout_cave_pools, orc_0_dummy, basic_altar, the_bakery,
          nrook_pool_corridor, uniq_snorg, uniq_erolcha
D:11:     lemuel_troll_bridge, layout_layer_cave, gauntlet_entry_generic,
          hangedman_decor_riveting
D:12:     layout_stronghold, minmay_the_grid_square_5x5_3x3_mashed
          [minmay_the_grid_square_5x5_moneybag,
          minmay_the_grid_square_5x5_two_walls_a,
          minmay_the_grid_square_5x5_two_walls_b,
          minmay_the_grid_square_5x5_almost_minimal,
          minmay_the_grid_square_5x5_megaprize_hollow,
          minmay_the_grid_square_5x5_shuriken,
          minmay_the_grid_square_5x5_tetrominoes, minmay_the_grid_square_5x5_v,
          minmay_the_grid_square_5x5_pentomino_r]
Temple:   dpeg_chambers_temple
Lair:1:   layout_roguey, grunt_megastairs_5, uniq_urug
Lair:2:   layout_roguey, minmay_swamp_entry_worms, grunt_megastairs_1
Lair:3:   layout_regular_city, minmay_snake_entry_six_corridors,
          serial_bayou_lagoon_b, minmay_lair_oklob_chamber
Lair:4:   layout_cellular_growth, serial_bayou, serial_bayou_pond_d,
          serial_bayou_crossing, serial_bayou_pond_c, serial_bayou_pond_d,
          portal_ice_cave_entry_animals_and_master, minmay_stone_trees_small,
          eino_house_with_fridge
Orc:1:    layout_caves, ebering_ghost_inner_flame, nicolae_volcano_entry_s_turn

Skill      XL: |  1  2  3  4  5  6  7  8  9 10 11 12 |
---------------+-------------------------------------+-----
Maces & Flails | 4 5 6 |  6.8
Fighting       | 4 5 7 8 9 10 11 | 11.2
Dodging        | 4 5 6 7 8 9 |  9.9
Armour         | 2 5 7 8 9 10 11 | 11.1
Shields        | 1 2 3 4 6 9 11 13 | 13.5
Axes           | 1 |  1.5
Stealth        | 2 3 4 5 6 |  6.8
Evocations     | 1 |  1.6
Invocations    | 1 |  1.6
Polearms       | 4 |  4.7

Action                   |  1- 3 |  4- 6 |  7- 9 | 10-12 || total
-------------------------+-------+-------+-------+-------++-------
Melee: Mace              |    72 |   179 |   208 |   501 ||   960
       Headbutt          |    16 |    30 |    54 |   174 ||   274
Invok: Recall Undead Sla |       |       |       |     2 ||     2
Evoke: Wand              |       |       |       |     8 ||     8
       Tin of tremorston |       |       |       |     1 ||     1
  Use: Scroll            |       |     2 |    19 |    18 ||    39
       Potion            |       |       |     1 |     2 ||     3
 Stab: Sleeping          |       |     1 |     3 |     4 ||     8
       Distracted        |       |       |       |     5 ||     5
  Eat: Chunk             |       |     5 |     5 |    11 ||    21
       Ration            |       |     1 |     2 |     3 ||     6
Armor: Robe              |    16 |       |       |       ||    16
       Ring mail         |    13 |    57 |    31 |    19 ||   120
       Scale mail        |       |       |       |    93 ||    93
Dodge: Dodged            |    54 |   135 |    95 |   246 ||   530
Block: Buckler           |     4 |    46 |    11 |       ||    61
       Kite shield       |       |       |    48 |   466 ||   514
       Reflection        |       |       |       |     4 ||     4

Table legend:
 A = Non-vault XP
 B = Vault XP
 C = Vault XP percentage of total XP
 D = Non-vault monster count
 E = Vault monster count
 F = Vault count percentage of total count
                 A         B        C        D         E       F
            +---------+---------+-------+---------+---------+-------
      Total |   22830 |   12555 |  35.5 |     276 |      60 |  17.9
            +---------+---------+-------+---------+---------+-------
        D:1 |      35 |       3 |   7.9 |      21 |       2 |   8.7
        D:2 |      65 |       0 |   0.0 |      27 |       0 |   0.0
        D:3 |     168 |      79 |  32.0 |      27 |       6 |  18.2
        D:4 |     354 |     121 |  25.5 |      16 |       1 |   5.9
        D:5 |     554 |       0 |   0.0 |      20 |       0 |   0.0
        D:6 |    1025 |     237 |  18.8 |      23 |       1 |   4.2
        D:7 |     592 |     105 |  15.1 |      12 |       5 |  29.4
        D:8 |    1877 |    1633 |  46.5 |      16 |       1 |   5.9
        D:9 |     519 |       0 |   0.0 |      11 |       0 |   0.0
       D:10 |    2000 |    1879 |  48.4 |      14 |       3 |  17.6
       D:11 |    4280 |    3574 |  45.5 |      32 |      13 |  28.9
       D:12 |     385 |       0 |   0.0 |       4 |       0 |   0.0
     Lair:1 |    3726 |     894 |  19.4 |      17 |       2 |  10.5
     Lair:2 |    2947 |    1418 |  32.5 |      13 |       7 |  35.0
     Lair:3 |    1828 |    1235 |  40.3 |       8 |      11 |  57.9
     Lair:4 |    2472 |    1377 |  35.8 |      14 |       8 |  36.4
      Orc:1 |       3 |       0 |   0.0 |       1 |       0 |   0.0
            +---------+---------+-------+---------+---------+-------
